 Dungeon Crawl Stone Soup version 0.32-a0-872-g59262bdc9b (webtiles) character file.

Game seed: 12903853501941388039

180 601d51SH the Sneak (level 5, 0/39 HPs)
             Began as a Draconian Enchanter on Mar 31, 2024.
             Slain by an orc wizard
             ... wielding a +0 dagger
              (2 damage)
             ... on level 3 of the Dungeon.
             The game lasted 00:11:06 (2213 turns).

601d51SH the Sneak (Draconian Enchanter)            Turns: 2213, Time: 00:11:07

Health: 0/39       AC:  5    Str: 10    XL:     5   Next: 33%
Magic:  8/8        EV: 11    Int: 16    God:
Gold:   175        SH:  4    Dex: 13    Spells: 6/8 levels left

rFire   . . .        j - +0 dagger (flame)
rCold   + . .        p - +0 buckler
rNeg    . . .        (body armour unavailable)
rPois   .            (helmet restricted)
rElec   .            (no cloak)
rCorr   .            (no gloves)
SInv    .            (no boots)
Will    .....        c - amulet of regeneration
Stlth   ++           w - ring of protection from cold
HPRegen 1.06/turn    (no ring)
MPRegen 0.11/turn

%: no passive effects
@: no status effects
A: AC +5, unfitting armour, cold-blooded
a: no special abilities


You were on level 3 of the Dungeon.
You visited 1 branch of the dungeon, and saw 5 of its levels.

You collected 175 gold pieces.

Inventory:

Hand Weapons
 a - a +1 dagger
 i - a +0 sling of flaming
 j - a +0 dagger of flaming (weapon)
Missiles
 h - 5 poisoned darts
 r - 22 stones (quivered)
 u - 2 boomerangs
 y - 5 silver javelins
Armour
 p - a +0 buckler (worn)
Jewellery
 c - an amulet of regeneration (around neck)
 w - a ring of protection from cold (left hand)
Talismans
 x - a serpent talisman
Scrolls
 e - 2 scrolls of poison {unknown}
 f - a scroll of torment {unknown}
 g - 3 scrolls of teleportation {unknown}
 k - a scroll of fear {unknown}
 m - a scroll of revelation {unknown}
 o - 2 scrolls of identify {unknown}
 q - 4 scrolls of enchant armour {unknown}
 t - a scroll of enchant weapon {unknown}
 B - a scroll of silence {unknown}
Potions
 b - 3 potions of invisibility
 d - a potion of mutation {unknown}
 l - 3 potions of enlightenment {unknown}
 n - 3 potions of curing {unknown}
 s - a potion of might {unknown}
 v - 3 potions of haste {unknown}
 z - a potion of heal wounds {unknown}
 A - a potion of cancellation {unknown}


   Skills:
 + Level 0.8 Fighting
 + Level 2.2 Short Blades
 + Level 0.1 Ranged Weapons
 + Level 2.8 Dodging
 + Level 4.0 Stealth
 + Level 1.1 Shields
 + Level 2.2 Spellcasting
 + Level 3.1 Hexes


You had 6 spell levels left.
You knew the following spells:

 Your Spells              Type           Power      Damage    Failure   Level
a - Ensorcelled Hibernat  Hex/Ice        12%        N/A       24%         2

Your spell library contained the following spells:

 Spells                   Type           Power      Damage    Failure   Level
 Confusing Touch          Hex            11%        N/A       24%         3
 Tukima's Dance           Hex            11%        N/A       24%         3
 Sublimation of Blood     Necr           1%         N/A       41%         2
 Dazzling Flash           Conj/Hex       12%        N/A       43%         3
 Petrify                  Alch/Erth      1%         N/A       96%         4
 Irradiate                Conj/Alch      0%         3d11      100%        5


Dungeon Overview and Level Annotations

Branches:
Dungeon (5/15)
 Temple: D:4-7

Altars:
Kikubaaqudgha


Innate Abilities, Weirdness & Mutations

Your plain brown scales are hard. (AC +5)
You cannot fit into any form of body armour.
You are cold-blooded and may be slowed by cold attacks.


Message History

The sling bullet burns the orc.
The orc is severely wounded.
The orc hits you with a +0 club. The orc hits you but does no damage.
Something hits you.
Your +0 sling of flaming stops flaming.
Your +0 dagger of flaming bursts into flame!
j - a +0 dagger of flaming (weapon)
You barely miss the orc.
The orc is severely wounded.
Something hits you. The orc closely misses you.
The orc hits you with a +0 mace.
You hit the orc. You burn the orc.
You kill the orc!
Something hits you but does no damage. The orc barely misses you.
You hit the orc. You burn the orc.
The orc is heavily wounded.
Something hits you. The orc misses you. The orc hits you with a +0 whip.
* * * LOW HITPOINT WARNING * * *
You hit the orc. You burn the orc.
You kill the orc!
The orc closely misses you. Something hits you.
* * * LOW HITPOINT WARNING * * *
The orc barely misses you.
You hear some strange, mumbled words.
A puff of flame appears from out of thin air!
The puff of flame hits you!
* * * LOW HITPOINT WARNING * * *
Things that are here:
a +0 whip; a +0 club You hit the orc.
You burn the orc.
The orc is moderately wounded.
The orc closely misses you.
You hear some strange, mumbled words.
A magic dart appears from out of thin air!
The magic dart hits you.
* * * LOW HITPOINT WARNING * * *
You hit the orc but do no damage. You tail-slap the orc.
The orc is heavily wounded.
The orc closely misses you. Something hits you.
You die...

#..# #.. #..# .. #.# #..# .#
#.#.# #..# .. #.#.#
##########..###.#.# #.#.#
<...............#.# #.#.#
###########.#####.# #.#.#
#.............).###########.#.#
#.##.#.........{@o....[.........#
..................(.............#
#.##.#.#####.################^#.#
#...............# #.#.#
#.#..#.......#..## #.#.#
.....#########...# #.#.#
..........)........ ..#.#
...#.####))......### ###.#
.....####........# #.#


You could see an orc.

Vanquished Creatures
  An orc priest (D:3)
  9 adders
  A ribbon worm (D:2)
  7 orcs
  5 ball pythons
  12 endoplasms
  3 giant cockroaches
  3 goblins
  3 jackals (D:1)
  2 quokkas (D:2)
  3 bats
  5 frilled lizards
  5 kobolds
  3 rats
62 creatures vanquished.

Notes
Turn   | Place    | Note
-------+----------+-------------------------------------------
     0 | D:1      | 601d51SH the Draconian Enchanter began the quest for the
                  | Orb.
     0 | D:1      | Reached XP level 1. HP: 14/14 MP: 3/3
   155 | D:1      | Reached XP level 2. HP: 20/20 MP: 5/5
   226 | D:1      | Learned a level 2 spell: Ensorcelled Hibernation
   469 | D:2      | Found an ancient bone altar of Kikubaaqudgha.
   489 | D:2      | Reached skill level 3 in Stealth
   549 | D:2      | Reached XP level 3. HP: 26/26 MP: 6/6
  1099 | D:2      | Reached XP level 4. HP: 31/34 MP: 7/7
  1665 | D:3      | You fall into a shaft and drop 2 floors!
  1665 | D:5      | Entered Level 5 of the Dungeon
  1740 | D:4      | Reached skill level 1 in Shields
  2008 | D:3      | Reached XP level 5. HP: 39/39 MP: 8/8
  2202 | D:3      | Reached skill level 4 in Stealth
  2212 | D:3      | HP: 1/39 [something/magic dart (4)]
  2213 | D:3      | Slain by an orc wizard

Illustrated notes

Levels and vault maps discovered:
D:1:      heliophobic_arrival_glass_houses, layout_rooms
D:2:      layout_basic, basic_altar, hangedman_decor_lopped
D:3:      layout_basic
D:4:      layout_cave_pods, nicolae_shop_vocational
D:5:      layout_basic, guppyfry_early_lair_pool

Skill      XL: |  1  2  3  4  5 |
---------------+----------------+-----
Dodging        | 2 |  2.8
Hexes          | 3 |  3.1
Stealth        | 3 4 |  4.0
Short Blades   | 2 |  2.2
Shields        | 1 |  1.1
Fighting       | |  0.8
Ranged Weapons | |  0.1
Spellcasting   | |  2.2

Action                     |  1- 3 |  4- 6 || total
---------------------------+-------+-------++-------
  Melee: Dagger            |   150 |    68 ||   218
         Tailslap          |    13 |     6 ||    19
         Unarmed           |       |     4 ||     4
         Constrict         |       |     1 ||     1
   Fire: Sling             |       |    30 ||    30
  Throw: Stone             |     2 |       ||     2
   Stab: Sleeping          |     9 |     1 ||    10
 Armour: Skin              |    82 |    74 ||   156
  Dodge: Dodged            |    97 |    43 ||   140
  Block: Buckler           |     4 |    16 ||    20
         Form:             |       |     1 ||     1
         Serpent           |       |     1 ||     1

Table legend: (Time is in decaauts)
 A = Elapsed time spent in this place.
 B = Non-inter-level travel time spent in this place.
 C = Inter-level travel time spent in this place.
 D = Time resting spent in this place.
 E = Time spent auto-exploring this place.
 F = Levels seen in this place.
 G = Mean time per level.
                   A        B        C        D        E       F      G
               +--------+--------+--------+--------+--------+-----+--------+
         Total |   2217 |   2174 |     43 |    127 |    886 |   5 |  443.4 |
       Dungeon |   2217 |   2174 |     43 |    127 |    886 |   5 |  443.4 |
               +--------+--------+--------+--------+--------+-----+--------+

Top non-repeatable levels by time:
     D:2: 897 daAuts
     D:3: 561 daAuts
     D:1: 456 daAuts
     D:4: 232 daAuts
     D:5: 70 daAuts
